 Dungeon Crawl Stone Soup version 0.30-b1-2-g02819fbbbe (webtiles) character file.

Game seed: 16853581006610934461

28096 LLlMATKO the Fighter (level 13, -10/119 HPs)
             Began as a Minotaur Berserker on Nov 13, 2023.
             Was an Elder of Trog.
             Mangled by an eight-headed hydra (13 damage)
             ... on level 5 of the Lair of Beasts.
             The game lasted 00:13:27 (14345 turns).

LLlMATKO the Fighter (Minotaur Berserker)          Turns: 14345, Time: 00:13:27

Health: -10/119    AC: 12    Str: 24    XL:     13   Next: 7%
Magic:  12/12      EV: 15    Int:  4    God:    Trog [****..]
Gold:   691        SH: 18    Dex: 17    Spells: 12/12 levels left

rFire   . . .        L - +4 war axe
rCold   . . .        C - +0 tower shield
rNeg    . . .        o - +0 scale mail of Ashenzari's Regard {rPois Str-3 Dex+7}
rPois   +            (helmet restricted)
rElec   .            b - +0 cloak
rCorr   .            (no gloves)
SInv    +            R - +0 pair of boots
Will    .....        (no amulet)
Stlth   x              - ring of see invisible
HPRegen 0.39/turn    N - ring of flight
MPRegen 0.13/turn

%: no passive effects
@: about to teleport, on berserk cooldown, flying, slowed, very slow
A: horns 2, retaliatory headbutt
a: Renounce Religion, Berserk, Trog's Hand, Brothers in Arms


You were on level 5 of the Lair of Beasts.
You worshipped Trog.
Trog was greatly pleased with you.
You visited 2 branches of the dungeon, and saw 14 of its levels.

You collected 691 gold pieces.

Inventory:

Hand Weapons
 a - a +0 hand axe
 l - a +0 hand axe
 q - a +0 war axe
 L - a +4 war axe (weapon)
Missiles
 s - 22 poisoned darts (quivered)
 H - 8 javelins
Armour
 b - a +0 cloak (worn)
 o - the +0 scale mail of Ashenzari's Regard (worn) {rPois Str-3 Dex+7}
   (You found it on level 1 of the Lair of Beasts)

   Str:       It affects your strength (-3).
   Dex:       It affects your dexterity (+7).
   rPois:     It protects you from poison.
 C - a +0 tower shield (worn)
 P - a +0 plate armour
 R - a +0 pair of boots (worn)
Jewellery
 x - a ring of see invisible (left hand)
 z - a ring of fire
 J - a +6 ring of strength
 K - a ring of poison resistance
 N - a ring of flight (right hand)
Wands
 D - a wand of flame (22)
 F - a wand of digging (1)
 Q - a wand of polymorph (4)
 S - a wand of charming (7)
Scrolls
 d - 6 scrolls of teleportation
 g - 2 scrolls of fog
 h - a scroll of vulnerability
 i - 3 scrolls of blinking
 j - 9 scrolls of identify
 t - 6 scrolls of enchant weapon
 w - 4 scrolls of immolation
 B - 3 scrolls of noise
Potions
 e - 4 potions of flight {unknown}
 f - 3 potions of lignification {unknown}
 k - 2 potions of haste
 m - 3 potions of attraction {unknown}
 p - 5 potions of curing {unknown}
 r - a potion of magic {unknown}
 u - 3 potions of degeneration {unknown}
 v - a potion of berserk rage {unknown}
 A - 6 potions of heal wounds {unknown}
 E - a potion of mutation {unknown}
 I - a potion of resistance {unknown}
 O - a potion of cancellation {unknown}


   Skills:
 + Level 12.6 Fighting
 + Level 12.5 Axes
 + Level 12.3 Armour
 + Level 11.3 Dodging
 + Level 12.0 Shields


You had 12 spell levels left.
You didn't know any spells.
Your spell library was empty.

Dungeon Overview and Level Annotations

Branches:
Dungeon (9/15)             Temple (0/1) D:7            Lair (5/5) D:9
 Shoals (0/4) Lair:2       Spider (0/4) Lair:2        Slime (0/5) Lair:4
    Orc: D:9-12

Altars:
Cheibriados
Fedhas
Uskayaw
Vehumet
Zin
Jiyva

Annotations:
D:6 2 runed translucent doors, Crazy Yiuf; Kite's ghost, novice MiBe
Lair:5 1 runed translucent door


Innate Abilities, Weirdness & Mutations

You have a pair of horns on your head.
You reflexively headbutt those who attack you in melee.


Message History

The elephant trunk-slaps you but does no damage.
The elephant tramples you!
You hold your ground!
The elephant trunk-slaps you but does no damage.
The elephant tramples you!
You are shoved backwards!
The yak barely misses you.
The elephant tramples you but does no damage.
The elephant trunk-slaps you but does no damage.
The elephant tramples you!
You hold your ground!
The elephant trunk-slaps you but does no damage.
The elephant tramples you!
You hold your ground!
The elephant trunk-slaps you but does no damage.
You turn to flesh and can move again.
Unknown command.
Unknown command.
As you read the scroll of teleportation, it crumbles to dust.
You feel strangely unstable.
You block the eight-headed hydra's attack. x2
The eight-headed hydra closely misses you.
The eight-headed hydra bites you. The eight-headed hydra bites you!
* * * LOW HITPOINT WARNING * * *
The eight-headed hydra completely misses you.
You block the eight-headed hydra's attack. x2
You block the elephant's attack. The elephant trunk-slaps you.
* * * LOW HITPOINT WARNING * * *
The eight-headed hydra attacks as you move away!
The eight-headed hydra bites you but does no damage.
The eight-headed hydra barely misses you.
You block the eight-headed hydra's attack. x3
The eight-headed hydra bites you.
* * * LOW HITPOINT WARNING * * *
The eight-headed hydra closely misses you.
The eight-headed hydra bites you but does no damage.
The eight-headed hydra bites you!
* * * LOW HITPOINT WARNING * * *
The eight-headed hydra bites you.
* * * LOW HITPOINT WARNING * * *
The eight-headed hydra bites you.
* * * LOW HITPOINT WARNING * * *
You block the eight-headed hydra's attack. x2
The eight-headed hydra bites you!
You die...

.................................
..............†.....?............
.........................,,,,,,,,
,.............#..........,,,,,,,,
**.#.................PPP,,,,,,,,,
*####...........Y.#.#P,,,,,,,,,,
#..#....#.P..YFY####*,*,,,,,,,,
###P....#..P.YD##*****,,,,,,,,,
#..PP.....#.YY@#**,,*,,,,,,,,,,
#.....#...#...#.#*,,,,,,,,,,,,,
##...#.#####..##.#,,,,,,,,,,,,,
##.P#..##***####,...,,,,,,,,,**,
#..##.##**,$##*,*,...,,,,,,,****
#...###**,$$$#**,,.....,,,,*,* *
##..## *,,$$$# *,,,....,,*,***
##..# *,$.$#* *,,,....,,,**
#...####D$** *,,,,,,,,***


You could see an eight-headed hydra, 3 elephants, 3 yaks and a cane toad.

Vanquished Creatures
  4 death yaks (Lair:3)
  Amaemon (Lair:3)
  Pikel (D:8)
  2 lindwurms (Lair:5)
  An oklob plant (Lair:1)
  9 elephants
  8 cane toads
  3 black mambas
  6 torpor snails
  An orange demon (Lair:3)
  A rime drake (Lair:4)
  4 komodo dragons
  7 hornets (Lair:5)
  A snapping turtle (Lair:2)
  3 polar bears (Lair:1)
  9 blink frogs
  3 tyrant leeches (Lair:5)
  6 dream sheep (Lair:2)
  A jumping spider (Lair:2)
  Sigmund (D:3)
  15 yaks (Lair:3)
  4 basilisks
  2 steam dragons (D:9)
  Menkaure (D:5)
  Duvessa (D:6)
  11 water moccasins
  A sky beast (D:7)
  An orc warrior (D:8)
  2 ice beasts
  An ogre (D:6)
  2 black bears (D:5)
  3 centaurs
  3 kobold brigands
  4 phantoms
  A lemure (D:8)
  9 bullfrogs
  A scorpion (D:5)
  9 wights
  Dowan (D:6)
  5 killer bees (D:9)
  3 electric eels
  2 hounds
  3 gnoll boudas
  4 orc priests
  A sleepcap (D:7)
  9 iguanas
  4 orc wizards
  6 hell rats (Lair:3)
  15 gnolls
  8 adders
  2 shadow imps
  2 white imps
  An ufetubus (D:4)
  4 worms
  2 dart slugs
  17 orcs
  8 ball pythons
  5 bats
  7 endoplasms
  2 giant cockroaches
  5 goblins
  7 hobgoblins
  22 kobolds
  4 quokkas
  5 frilled lizards
  5 rats
302 creatures vanquished.

Vanquished Creatures (others)
  22 fungi
  55 plants
77 creatures vanquished.

Grand Total: 379 creatures vanquished

Notes
Turn   | Place    | Note
-------+----------+-------------------------------------------
     0 | D:1      | LLlMATKO the Minotaur Berserker began the quest for the
                  | Orb.
     0 | D:1      | Reached XP level 1. HP: 19/19 MP: 0/0
   121 | D:1      | Reached XP level 2. HP: 23/27 MP: 1/1
   849 | D:2      | Reached XP level 3. HP: 31/33 MP: 2/2
   854 | D:2      | Reached skill level 1 in Shields
  1126 | D:2      | Reached ** piety under Trog
  1366 | D:3      | Found a blossoming altar of Fedhas.
  1378 | D:3      | Reached XP level 4. HP: 36/40 MP: 3/3
  1597 | D:3      | Noticed Sigmund
  1605 | D:3      | Killed Sigmund
  1606 | D:3      | Reached XP level 5. HP: 44/47 MP: 4/4
  1755 | D:3      | Reached XP level 6. HP: 40/55 MP: 5/5
  1868 | D:3      | Reached skill level 5 in Fighting
  2204 | D:4      | Reached skill level 5 in Axes
  2500 | D:4      | Reached *** piety under Trog
  2819 | D:5      | Entered Level 5 of the Dungeon
  2845 | D:5      | Reached XP level 7. HP: 61/61 MP: 6/6
  2886 | D:5      | Reached skill level 5 in Armour
  3263 | D:5      | Noticed Menkaure
  3271 | D:5      | Killed Menkaure
  3272 | D:5      | Reached skill level 5 in Dodging
  3272 | D:5      | Reached XP level 8. HP: 70/70 MP: 7/7
  3441 | D:5      | Reached skill level 5 in Shields
  3635 | D:6      | Found a hide-covered altar of Uskayaw.
  4269 | D:6      | Noticed Dowan
  4269 | D:6      | Noticed Duvessa
  4278 | D:6      | Killed Duvessa
  4283 | D:6      | Killed Dowan
  4382 | D:6      | Found a runed translucent door.
  4383 | D:6      | Noticed Crazy Yiuf
  4448 | D:6      | Reached XP level 9. HP: 54/79 MP: 8/8
  4647 | D:6      | Found a runed translucent door.
  4659 | D:6      | Noticed Kite's ghost (novice MiBe)
  5149 | D:7      | Noticed a komodo dragon
  5165 | D:7      | Killed a komodo dragon
  5799 | D:7      | Found a staircase to the Ecumenical Temple.
  5951 | D:8      | Reached **** piety under Trog
  6136 | D:8      | Found a radiant altar of Vehumet.
  6143 | D:8      | Found a glowing silver altar of Zin.
  6144 | D:8      | Found a snail-covered altar of Cheibriados.
  6290 | D:8      | Reached XP level 10. HP: 90/90 MP: 9/9
  6348 | D:8      | Noticed Pikel
  6360 | D:8      | Killed Pikel
  6635 | D:8      | Noticed a manticore
  6635 | D:8      | Noticed a manticore
  6635 | D:8      | Noticed a cyclops
  6635 | D:8      | Noticed a catoblepas
  6637 | D:8      | Noticed a boulder beetle
  6664 | D:8      | Noticed a deep elf pyromancer
  6665 | D:8      | Noticed a gargoyle
  6676 | D:8      | Noticed a deep troll
  7563 | D:9      | Reached ***** piety under Trog
  7595 | D:9      | Found a staircase to the Lair.
  8199 | Lair:1   | Entered Level 1 of the Lair of Beasts
  8225 | Lair:1   | Noticed a cane toad
  8234 | Lair:1   | Killed a cane toad
  8283 | Lair:1   | Noticed a cane toad
  8289 | Lair:1   | Killed a cane toad
  8565 | Lair:1   | Identified the +0 scale mail of Ashenzari's Regard {rPois
                  | Str-3 Dex+7}
  8843 | Lair:1   | Noticed an oklob plant
  9156 | Lair:1   | Reached XP level 11. HP: 85/99 MP: 10/10
  9549 | Lair:1   | Killed an oklob plant
  9550 | Lair:1   | Reached skill level 10 in Fighting
  9841 | Lair:2   | Reached skill level 10 in Axes
  9912 | Lair:2   | Found a hole to the Spider Nest.
 10059 | Lair:2   | You are sucked into a shaft and drop 1 floor!
 10262 | Lair:3   | Reached skill level 10 in Armour
 10551 | Lair:2   | Reached skill level 10 in Shields
 10757 | Lair:2   | Found a staircase to the Shoals.
 11569 | Lair:3   | Noticed a death yak
 11569 | Lair:3   | Noticed a death yak
 11569 | Lair:3   | Noticed a death yak
 11570 | Lair:3   | Noticed a death yak
 11583 | Lair:3   | Killed a death yak
 11585 | Lair:3   | Killed a death yak
 11585 | Lair:3   | Killed a death yak
 11586 | Lair:3   | Reached skill level 10 in Dodging
 11586 | Lair:3   | Reached XP level 12. HP: 110/110 MP: 11/11
 11587 | Lair:3   | Killed a death yak
 11824 | Lair:3   | Noticed Amaemon
 11837 | Lair:3   | Killed Amaemon
 12639 | Lair:4   | Found a staircase to the Slime Pits.
 12639 | Lair:4   | Found a viscous altar of Jiyva.
 13729 | Lair:5   | Entered Level 5 of the Lair of Beasts
 13983 | Lair:5   | Found a runed translucent door.
 13983 | Lair:5   | Noticed a fire dragon
 14232 | Lair:5   | Reached XP level 13. HP: 119/119 MP: 12/12
 14345 | Lair:5   | HP: 4/119 [eight-headed hydra (4)]
 14345 | Lair:5   | Mangled by an eight-headed hydra

Illustrated notes

Levels and vault maps discovered:
D:1:      elethiomel_arrival_maze, layout_basic, minmay_tiny_reverse_x
D:2:      layout_rooms
D:3:      layout_basic, fedhas_altar_1, hangedman_decor_clover_reticule,
          uniq_sigmund
D:4:      layout_gridville
D:5:      layout_loops_ring, minmay_tree_intersection, grunt_decor_cap,
          serial_bayou_crossing, uniq_menkaure
D:6:      layout_rooms, kennysheep_mini, ebering_ghost_sewer_d,
          chequers_big_river, kennysheep_generic_room_2, uniq_duvessa,
          uniq_crazy_yiuf_cottage
D:7:      layout_rooms, minmay_temple_entry_drinking_statues, minmay_lizard_king
D:8:      layout_cave_pods, grunt_temple_overflow_open, minivault_12, uniq_pikel
D:9:      layout_basic, lair_entry_dummy
Lair:1:   layout_chaotic_city, minivault_11, st_stairs_8,
          gammafunk_lair_bear_cave, serial_bayou_shore_b
Lair:2:   layout_cave_shapes, minmay_shoals_entry_hut, spider_nest_entry_rubble
Lair:3:   layout_regular_city, grunt_megastairs_2, uniq_amaemon
Lair:4:   layout_regular_city, slime_entry_1
Lair:5:   wormcave, layout_hall_layers, hangedman_lair_caniforms_friends,
          serial_bayou_pond_d

Skill      XL: |  1  2  3  4  5  6  7  8  9 10 11 12 13 |
---------------+----------------------------------------+-----
Fighting       | 4 5 6 7 8 9 11 12 | 12.6
Axes           | 4 5 6 7 8 9 11 12 | 12.5
Shields        | 1 2 3 4 6 7 9 10 11 12 | 12.0
Armour         | 3 4 5 6 8 9 11 12 | 12.3
Dodging        | 3 4 5 6 7 8 10 11 | 11.3

Action                     |  1- 3 |  4- 6 |  7- 9 | 10-12 | 13-15 || total
---------------------------+-------+-------+-------+-------+-------++-------
  Melee: Hand axe          |    91 |       |       |       |       ||    91
         Headbutt          |    11 |     8 |    46 |   112 |     7 ||   184
         War axe           |       |    87 |   208 |   415 |    20 ||   730
         Punch             |       |     2 |       |       |       ||     2
  Throw: Dart              |       |       |     1 |     9 |       ||    10
 Invoke: Berserk           |     1 |     1 |     9 |    19 |     1 ||    31
         Trog's Hand       |       |       |     1 |       |       ||     1
    Use: Scroll            |       |       |       |    12 |     1 ||    13
 Armour: Animal skin       |     3 |       |       |       |       ||     3
         Scale mail        |    12 |       |       |    46 |    22 ||    80
         Chain mail        |     6 |    47 |   105 |     5 |       ||   163
         Plate armour      |       |       |       |    82 |       ||    82
  Dodge: Dodged            |    46 |    61 |    91 |   164 |    22 ||   384
  Block: Tower shield      |       |       |    98 |   383 |    31 ||   512
